 Dungeon Crawl Stone Soup version 0.31-a0-632-g766dd24fdf (webtiles) character file.

Game seed: 16383586972644703626

281 Ofeo the Sneak (level 6, 0/32 HPs)
             Began as a Kobold Earth Elementalist on Aug 25, 2023.
             Slain by Terence
             ... wielding a +4 flail of holy wrath
              (9 damage)
             ... on level 3 of the Dungeon.
             The game lasted 00:03:27 (4707 turns).

Ofeo the Sneak (Kobold Earth Elementalist)          Turns: 4707, Time: 00:03:28

Health: 0/32       AC:  6    Str:  6    XL:     6   Next: 53%
Magic:  11/11      EV: 16    Int: 16    God:
Gold:   226        SH:  0    Dex: 17    Spells: 5/11 levels left

rFire   . . .        p - +2 dagger (venom)
rCold   . . .        (no shield)
rNeg    + . .        o - +2 robe {rN+}
rPois   .            q - +0 helmet
rElec   .            (no cloak)
rCorr   .            (no gloves)
SInv    .            g - +0 pair of boots
Will    .....        (no amulet)
Stlth   ++++         (no ring)
HPRegen 0.25/turn    (no ring)
MPRegen 0.12/turn

%: no passive effects
@: no status effects
A: small, no large weapons, nightstalker 3
a: no special abilities


You were on level 3 of the Dungeon.
You visited 1 branch of the dungeon, and saw 4 of its levels.

You collected 226 gold pieces.

Inventory:

Hand Weapons
 e - a +0 short sword of freezing
 p - a +2 dagger of venom (weapon)
Armour
 a - a +0 robe
 g - a +0 pair of boots (worn)
 k - a +0 leather armour
 o - a +2 robe of positive energy (worn)
 q - a +0 helmet (worn)
Jewellery
 m - a ring of flight
Scrolls
 f - 2 scrolls of fear
 j - a scroll of silence
Potions
 b - a potion of magic
 c - a potion of lignification {unknown}
 d - 2 potions of curing {unknown}
 h - 2 potions of heal wounds {@q2}
 i - a potion of brilliance {unknown}
 l - 2 potions of degeneration {unknown}


   Skills:
 + Level 4.0 Dodging
 + Level 4.6 Stealth
 + Level 3.4 Spellcasting
 + Level 2.7 Transmutations
 + Level 4.0 Earth Magic


You had 5 spell levels left.
You knew the following spells:

 Your Spells              Type           Power      Damage    Failure   Level
a - Sandblast             Erth           30%        2d9       3%          1
b - Passwall              Tmut/Erth      10%        N/A       7%          2
c - Stone Arrow           Conj/Erth      18%        3d8       24%         3

Your spell library contained the following spells:

 Spells                   Type           Power      Damage    Failure   Level
 Petrify                  Tmut/Erth      13%        N/A       41%         4
 Dazzling Flash           Conj/Hex       4%         N/A       47%         3
 Frozen Ramparts          Ice            4%         1d1       47%         3
 Volatile Blastmotes      Fire/Tloc      4%         2d10      47%         3
 Metabolic Englaciation   Hex/Ice        1%         N/A       99%         5
 Starburst                Conj/Fire      1%         6d3       100%        6
 Maxwell's Capacitive Co  Air            1%         ∞         100%        8


Dungeon Overview and Level Annotations

Branches:
Dungeon (4/15)
 Temple: D:4-7

Altars:
Okawaru

Shops:
D:3 (

Annotations:
D:3 1 runed translucent door, Crazy Yiuf, Terence


Innate Abilities, Weirdness & Mutations

You are small and have problems with some larger weapons.
You are completely attuned to the shadows.


Message History

You feel more protected from negative energy.
You start putting on your armour.
You continue putting on your +0 helmet. x4
You finish putting on your +0 helmet.
Your +0 short sword of freezing stops glowing.
Your +2 dagger of venom begins to drip with poison!
p - a +2 dagger of venom (weapon)
Search for what [Enter for "leath", or ? for help]? .
The air fills with toxic fumes!
As you read the scroll labelled QYQAAL MOTZ, it crumbles to dust.
It was a scroll of poison.
Magic restored.
Things that are here:
a +0 club; a goblin corpse
Items here: )))) ÷ ††.
Terence the Incautious comes into view.
He is wielding a +4 flail of holy wrath and wearing a +8 chain mail of ponderousness.
You see here a +0 scythe.
MP restored: 11 Terence is nearby!
Terence is nearby!
Terence is nearby!
Terence hits you with a +4 flail of holy wrath.
You take 5 damage, and have 27/32 hp.
You hit Terence but do no damage.
Terence hits you with a +4 flail of holy wrath.
You take 5 damage, and have 22/32 hp.
You hit Terence but do no damage.
Terence is poisoned.
Terence hits you with a +4 flail of holy wrath!
You take 7 damage, and have 15/32 hp.
MASSIVE DAMAGE!!
You are too injured to fight recklessly!
You are too injured to fight recklessly!
Unknown command.
You hit Terence but do no damage.
Terence looks even sicker.
Terence barely misses you.
You hit Terence but do no damage.
Terence looks as sick as possible!
Terence hits you with a +4 flail of holy wrath!
* * * LOW HITPOINT WARNING * * *
You take 6 damage, and have 9/32 hp.
Terence attacks as he pursues you!
Terence hits you with a +4 flail of holy wrath!
You die...

#........ ###..##.###
......##.# #####.##.#
#.##.# #. #.##(# #.#
#.##.###
#.#############.##....
#...)@....))))....####
##..#@#######.####.# #
###...#...# #.# #.# #
#...#####.# #[# #.# #
#@#g..# .# #.# #.# #
#.##.g# # #.# #.# # #.
#g...# #.# #.# # #.
#.#### #.# #.# #


ggg #.# #.# # You could see Terence (extremely poisoned).

Vanquished Creatures
  Sigmund (D:3)
  Jessica (D:3)
  Robin (D:3)
  An adder (D:3)
  2 worms
  3 dart slugs
  5 ball pythons
  8 endoplasms
  5 giant cockroaches
  8 goblins (D:3)
  10 hobgoblins
  7 kobolds
  2 quokkas
  5 frilled lizards
  10 rats
69 creatures vanquished.

Notes
Turn   | Place    | Note
-------+----------+-------------------------------------------
     0 | D:1      | Ofeo the Kobold Earth Elementalist began the quest for the
                  | Orb.
     0 | D:1      | Reached XP level 1. HP: 10/10 MP: 3/3
   159 | D:1      | Reached XP level 2. HP: 15/15 MP: 0/5
   819 | D:1      | Reached XP level 3. HP: 19/19 MP: 3/6
  1454 | D:1      | Found a faded altar of an unknown god.
  2011 | D:2      | Found an iron altar of Okawaru.
  2540 | D:2      | Reached XP level 4. HP: 24/24 MP: 5/7
  3094 | D:2      | You fall into a shaft and drop 1 floor!
  3776 | D:2      | Learned a level 2 spell: Passwall
  3780 | D:2      | Learned a level 3 spell: Stone Arrow
  3827 | D:3      | Found Voimypif's Antique Weapon Boutique.
  3955 | D:3      | Noticed Jessica
  3957 | D:3      | Killed Jessica
  4063 | D:3      | Reached XP level 5. HP: 28/28 MP: 6/9
  4316 | D:3      | Found a runed translucent door.
  4319 | D:3      | Noticed Crazy Yiuf
  4461 | D:3      | Noticed Robin
  4466 | D:3      | Noticed Sigmund
  4546 | D:3      | Killed Sigmund
  4547 | D:3      | Reached XP level 6. HP: 32/32 MP: 1/11
  4638 | D:3      | Killed Robin
  4701 | D:3      | Noticed Terence
  4707 | D:3      | Slain by Terence

Illustrated notes

Levels and vault maps discovered:
D:1:      dpeg_arrival_more_subterranean_lakeside_camping, layout_loops_corners,
          serial_rivers, chequers_serial_rivers_small_b,
          chequers_serial_rivers_small_b, chequers_serial_rivers_micro_a,
          chequers_serial_rivers_small_a,
          dreamdust_ecumenical_altar_hidden_monk_grotto
D:2:      layout_basic, basic_altar
D:3:      layout_loops_ring, serial_shops, shop, uniq_jessica, uniq_terence,
          uniq_crazy_yiuf_cottage, uniq_robin, uniq_sigmund
D:4:      layout_loops_ring, mainiacjoe_overflow_surrounded_room, serial_shops,
          nicolae_shop_window_shopping

Skill      XL: |  1  2  3  4  5 |
---------------+----------------+-----
Stealth        | 3 4 |  4.6
Dodging        | 3 4 |  4.0
Transmutations | 2 |  2.7
Spellcasting   | 3 |  3.4
Earth Magic    | 4 |  4.0

Action                     |  1- 3 |  4- 6 || total
---------------------------+-------+-------++-------
  Melee: Unarmed           |     1 |       ||     1
         Short sword       |     4 |     3 ||     7
         Dagger            |       |     4 ||     4
   Cast: Sandblast         |    54 |    45 ||    99
    Use: Scroll            |       |     5 ||     5
         Potion            |       |     1 ||     1
   Stab: Sleeping          |     1 |       ||     1
 Armour: Leather armour    |       |     3 ||     3
  Dodge: Dodged            |     4 |    14 ||    18

Table legend: (Time is in decaauts)
 A = Elapsed time spent in this place.
 B = Non-inter-level travel time spent in this place.
 C = Inter-level travel time spent in this place.
 D = Time resting spent in this place.
 E = Time spent auto-exploring this place.
 F = Levels seen in this place.
 G = Mean time per level.
                   A        B        C        D        E       F      G
               +--------+--------+--------+--------+--------+-----+--------+
         Total |   4765 |   4579 |    186 |    121 |   4097 |   4 | 1191.2 |
       Dungeon |   4765 |   4579 |    186 |    121 |   4097 |   4 | 1191.2 |
               +--------+--------+--------+--------+--------+-----+--------+

Top non-repeatable levels by time:
     D:1: 1815 daAuts
     D:2: 1781 daAuts
     D:3: 1167 daAuts
     D:4: 1 daAuts
